 Dungeon Crawl Stone Soup version 0.31-a0-931-g7b59d4eb97 (webtiles) character file.

Game seed: 5757249079308714172

98 Shayle the Trooper (level 4, -5/45 HPs)
             Began as an Ogre Hexslinger on Oct 19, 2023.
             Slain by a kobold brigand
             ... wielding a +2 dagger of venom
              (6 damage)
             ... on level 2 of the Dungeon.
             The game lasted 00:04:33 (1732 turns).

Shayle the Trooper (Ogre Hexslinger)                Turns: 1732, Time: 00:04:33

Health: -5/45      AC:  3    Str: 12    XL:     4   Next: 69%
Magic:  3/5        EV: 10    Int: 16    God:
Gold:   102        SH:  5    Dex: 11    Spells: 3/5 levels left

rFire   . . .        a - +1 sling
rCold   . . .        (no shield)
rNeg    . . .        j - +0 robe {Will+}
rPois   .            (helmet restricted)
rElec   .            (no cloak)
rCorr   .            (gloves unavailable)
SInv    .            (boots unavailable)
Will    +....        f - amulet of reflection
Stlth   +            (no ring)
HPRegen 0.27/turn    (no ring)
MPRegen 0.09/turn

%: reflection
@: mighty, lethally poisoned (-5 -> -16), weak-willed, enlightened, flying
A: large, unfitting armour, tough skin 1
a: no special abilities


You were on level 2 of the Dungeon.
You visited 1 branch of the dungeon, and saw 3 of its levels.

You collected 102 gold pieces.

Inventory:

Hand Weapons
 a - a +1 sling (weapon)
Armour
 j - a +0 robe of willpower (worn)
Jewellery
 f - an amulet of reflection (around neck)
Scrolls
 b - a scroll of poison
 e - a scroll of enchant weapon {unknown}
 g - 2 scrolls of identify {unknown}
 k - a scroll of fear {unknown}
 l - a scroll of teleportation {unknown}
Potions
 d - a potion of enlightenment


   Skills:
 + Level 3.0 Fighting
 * Level 2.5 Maces & Flails
 - Level 1.3 Ranged Weapons
 + Level 2.5 Dodging
 - Level 1.2 Spellcasting
 - Level 2.6 Hexes
 - Level 0.8 Fire Magic


You had 3 spell levels left.
You knew the following spells:

 Your Spells              Type           Power      Damage    Failure   Level
a - Jinxbite              Hex            18%        N/A       12%         2

Your spell library contained the following spells:

 Spells                   Type           Power      Damage    Failure   Level
 Summon Small Mammal      Summ           0%         N/A       22%         1
 Sigil of Binding         Hex            9%         N/A       22%         3
 Inner Flame              Hex/Fire       6%         N/A       32%         3
 Poisonous Vapours        Pois/Air       0%         N/A       34%         2
 Summon Guardian Golem    Hex/Summ       5%         N/A       36%         3
 Call Canine Familiar     Summ           0%         N/A       56%         3
 Mephitic Cloud           Conj/Pois/Air  0%         N/A       56%         3
 Cause Fear               Hex            4%         N/A       58%         4
 Dimensional Bullseye     Hex/Tloc       2%         N/A       78%         4
 Summon Ice Beast         Ice/Summ       0%         N/A       92%         4
 Summon Mana Viper        Hex/Summ       5%         N/A       98%         5
 Freezing Cloud           Conj/Ice/Air   0%         6-21      99%         5
 Monstrous Menagerie      Summ           0%         N/A       100%        7


Dungeon Overview and Level Annotations

Branches:
Dungeon (3/15)

Altars:


Innate Abilities, Weirdness & Mutations

You are too large for most types of armour.
You have tough skin. (AC +1)


Message History

* * * LOW HITPOINT WARNING * * *
Unknown command.
It was a potion of might.
You feel very mighty all of a sudden.
* * * LOW HITPOINT WARNING * * *
You feel very sick. You block the kobold brigand's attack.
It was a potion of curing.
You feel better.
The kobold brigand hits you with a +2 dagger of venom.
* * * LOW HITPOINT WARNING * * *
You are poisoned.
Okay, then.
Unknown command.
* * * LOW HITPOINT WARNING * * *
You feel very sick. The kobold brigand barely misses you.
You fly upwards.
* * * LOW HITPOINT WARNING * * *
You feel very sick.
There is a stone staircase leading down here.
You shoot a sling bullet.
The sling bullet hits the kobold brigand.
The kobold brigand is moderately wounded.
* * * LOW HITPOINT WARNING * * *
You feel very sick. You block the kobold brigand's attack.
Unknown command.
You shoot a sling bullet.
The sling bullet hits the kobold brigand.
The kobold brigand is moderately wounded.
You feel sick.
The kobold brigand hits you but does no damage.
You are lethally poisoned!
The kobold brigand barely misses you.
You shoot a sling bullet.
The sling bullet barely misses the kobold brigand.
* * * LOW HITPOINT WARNING * * *
You feel very sick.
The kobold brigand hits you with a +2 dagger of venom.
You die...

###### #....# #....#
#################### #....#
#^.@K............... #....#
#.####..........(..( #....#
#.# ###############
#....###.############
#....'...##.........#
#....######....~....#######
####.##...#.~..~..~.#.....#
#.##.###.~..~..~.#####.#
#.##...'####_####'..##.#


You could see a kobold brigand.

Vanquished Creatures
  Jessica (D:2)
  An adder (D:2)
  A dart slug (D:2)
  5 bats
  3 endoplasms
  A giant cockroach (D:1)
  10 goblins
  3 hobgoblins
  2 quokkas
  7 ball pythons
  4 frilled lizards
  17 kobolds
  2 rats (D:1)
57 creatures vanquished.

Notes
Turn   | Place    | Note
-------+----------+-------------------------------------------
     0 | D:1      | Shayle the Ogre Hexslinger began the quest for the Orb.
     0 | D:1      | Reached XP level 1. HP: 19/19 MP: 2/2
   231 | D:1      | Reached XP level 2. HP: 28/28 MP: 3/3
   247 | D:1      | Reached skill level 1 in Maces & Flails
   276 | D:1      | Reached skill level 2 in Fighting
   670 | D:1      | Reached XP level 3. HP: 35/35 MP: 4/4
   798 | D:1      | Learned a level 2 spell: Jinxbite
   958 | D:2      | Found a faded altar of an unknown god.
  1233 | D:2      | Noticed Jessica
  1243 | D:2      | Killed Jessica
  1244 | D:2      | Reached XP level 4. HP: 38/44 MP: 2/5
  1449 | D:3      | Noticed an ogre
  1611 | D:3      | Reached skill level 3 in Fighting
  1646 | D:3      | Noticed a kobold brigand
  1646 | D:3      | Noticed a kobold brigand
  1732 | D:2      | HP: 1/45 [poisoned by a kobold brigand]
  1732 | D:2      | Slain by a kobold brigand

Illustrated notes

Levels and vault maps discovered:
D:1:      ebering_trefoil_twist, layout_basic, grunt_decor_fettered,
          st_stairs_13
D:2:      layout_basic, shapermc_ecumenical_altar_notcrosses, uniq_jessica
D:3:      cheibrodos_thug_alley, layout_loops_ring, lemuel_doored_altar,
          serial_aquarium, aquarium_bridge_straight [aquarium_subvault_bridge,
          aquarium_subvault_balcony, aquarium_subvault_bridge,
          aquarium_subvault_wall], aquarium_window_corridor_1,
          aquarium_window_fake, aquarium_window_fake, aquarium_view_2b,
          small_statue_alley_b, minivault_25, minmay_ogre_servants

Skill      XL: |  1  2  3  4 |
---------------+-------------+-----
Maces & Flails | 1 2 |  2.5
Dodging        | 2 |  2.5
Fighting       | 2 3 |  3.0
Ranged Weapons | |  1.3
Spellcasting   | |  1.2
Hexes          | |  2.6
Fire Magic     | |  0.8

Action                     |  1- 3 |  4- 6 || total
---------------------------+-------+-------++-------
   Fire: Sling             |    87 |    80 ||   167
   Cast: Jinxbite          |     2 |     2 ||     4
    Use: Potion            |       |     4 ||     4
 Armour: Robe              |    13 |    44 ||    57
  Dodge: Dodged            |    15 |    37 ||    52
  Block: Other             |       |    15 ||    15

Table legend: (Time is in decaauts)
 A = Elapsed time spent in this place.
 B = Non-inter-level travel time spent in this place.
 C = Inter-level travel time spent in this place.
 D = Time resting spent in this place.
 E = Time spent auto-exploring this place.
 F = Levels seen in this place.
 G = Mean time per level.
                   A        B        C        D        E       F      G
               +--------+--------+--------+--------+--------+-----+--------+
         Total |   1796 |   1708 |     88 |      0 |   1243 |   3 |  598.7 |
       Dungeon |   1796 |   1708 |     88 |      0 |   1243 |   3 |  598.7 |
               +--------+--------+--------+--------+--------+-----+--------+

Top non-repeatable levels by time:
     D:1: 829 daAuts
     D:2: 676 daAuts
     D:3: 290 daAuts
